 Dungeon Crawl Stone Soup version 0.27.1-33-g824d729ab1 (webtiles) character file.

Game seed: 725187672320869311

418 eliilek the Shield-Bearer (level 6, -1/56 HPs)
             Began as a Minotaur Fighter on Dec 13, 2021.
             Was a Priest of Ru.
             Slain by a centaur zombie (2 damage)
             ... in an ossuary.
             The game lasted 00:11:54 (3295 turns).

eliilek the Shield-Bearer (Minotaur Fighter)        Turns: 3295, Time: 00:11:55

Health: -1/56      AC:  7    Str: 20    XL:     6   Next: 61%
Magic:  5/5        EV:  7    Int:  5    God:    Ru [***...]
Gold:   68         SH: 10    Dex: 12    Spells: 5/5 levels left

rFire    . . .     SeeInvis .   a - +0 flail
rCold    . . .     Faith    .   c - +0 kite shield
rNeg     . . .     Spirit   .   b - +0 scale mail
rPois    +         Reflect  .   (helmet restricted)
rElec    .         Harm     .   (no cloak)
rCorr    .         Rampage  .   (no gloves)
Will     .....                  (no boots)
Stlth    ..........             (no amulet)
HPRegen  0.18/turn              r - ring of poison resistance
MPRegen  0.09/turn              (no ring)

@: mighty, marked, unable to drink
A: no potions, horns 2, inability to drink while threatened, inability to read
while threatened, retaliatory headbutt
a: Renounce Religion, Draw Out Power


You were in an ossuary.
You worshipped Ru.
Ru was most pleased with you.
You visited 1 branch of the dungeon, and saw 5 of its levels.
You also visited: Ossuary.

You collected 154 gold pieces.
You spent 86 gold pieces at shops.

Inventory:

Hand Weapons
 a - a +0 flail (weapon)
Missiles
 e - 92 stones (quivered)
 h - 37 sling bullets
 k - a throwing net
Armour
 b - a +0 scale mail (worn)
 c - a +0 kite shield (worn)
Jewellery
 r - a ring of poison resistance (left hand)
Scrolls
 f - a scroll of teleportation
 p - a scroll of silence
Potions
 j - 2 potions of ambrosia {unknown}
 m - 3 potions of cancellation
 q - 3 potions of curing {unknown}


   Skills:
 + Level 5.0 Fighting
 * Level 5.3 Maces & Flails
 + Level 4.9 Armour
 * Level 5.9 Shields


You had 5 spell levels left.
You didn't know any spells.
Your spell library contained the following spells:

 Spells                   Type           Power      Damage    Failure   Level
 Ensorcelled Hibernation  Hex/Ice        0%         N/A       100%        2


Dungeon Overview and Level Annotations

Branches:
Dungeon (6/15)            Ossuary (1/1)
 Temple: D:4-7

Altars:
Ashenzari
Ru

Shops:
D:3 (=*   D:4 (   D:6 *


Innate Abilities, Weirdness & Mutations

You cannot drink.
You have a pair of horns on your head.
You sometimes lose the ability to drink potions when taking damage.
You sometimes lose the ability to read scrolls when taking damage.
You reflexively headbutt those who attack you in melee.


Message History

You sock the centaur zombie!
The centaur zombie is almost destroyed.
The centaur zombie hits you but does no damage.
The centaur zombie kicks you but does no damage.
The centaur zombie closely misses you. You furiously retaliate!
You headbutt the centaur zombie!
You destroy the centaur zombie!
The centaur zombie hits you but does no damage.
The centaur zombie kicks you but does no damage.
The centaur zombie hits you.
* * * LOW HITPOINT WARNING * * *
You block the centaur zombie's attack. x2
The centaur zombie kicks you but does no damage.
Your Fighting skill increases to level 5!
You thump the centaur zombie!
The centaur zombie is heavily damaged.
The centaur zombie hits you but does no damage.
You block the centaur zombie's attack. The centaur zombie barely misses you.
The centaur zombie kicks you but does no damage.
The centaur zombie misses you. The centaur zombie kicks you.
* * * LOW HITPOINT WARNING * * *
The centaur zombie is stunned by your conviction and fails to attack.
You hit the centaur zombie. You headbutt the centaur zombie!
The centaur zombie is almost destroyed.
The centaur zombie barely misses you. The centaur zombie closely misses you.
The centaur zombie hits you.
* * * LOW HITPOINT WARNING * * *
The centaur zombie barely misses you. The centaur zombie hits you.
You feel threatened and lose the ability to read scrolls!
You feel threatened and lose the ability to drink potions!
* * * LOW HITPOINT WARNING * * *
The centaur zombie kicks you but does no damage.
Unknown command.
You sock the centaur zombie!
You destroy the centaur zombie!
You can read scrolls again.
The centaur zombie hits you.
* * * LOW HITPOINT WARNING * * *
The centaur zombie kicks you.
You die...

### ##∩##
##...##
##.....##
#!.....?#
#!.....!#
#!..Z..?#
#!..@..!#
##^..^^##
##.....##
#.......#
##..^^.##
#.....^.#
##...^.##
#..^....#
##^§...##


You could see a centaur zombie.

Vanquished Creatures
  An ice beast (D:6)
  5 centaur zombies (Ossuary)
  Jessica (D:2)
  5 mummies (Ossuary)
  4 adders
  2 dart slugs
  5 orcs
  6 endoplasms
  4 giant cockroaches
  6 hobgoblins
  4 jackals (D:3)
  3 kobolds
  4 quokkas
  3 ball pythons (D:1)
  4 bats
  A frilled lizard (D:1)
  3 goblins
  3 hobgoblin zombies (Ossuary)
  2 rats
66 creatures vanquished.

Vanquished Creatures (others)
  A mummy (Ossuary)
  A plant (D:3)
  A withered plant (D:2)
3 creatures vanquished.

Grand Total: 69 creatures vanquished

Notes
Turn   | Place    | Note
-------+----------+-------------------------------------------
     0 | D:1      | eliilek the Minotaur Fighter began the quest for the Orb.
     0 | D:1      | Reached XP level 1. HP: 19/19 MP: 0/0
    33 | D:1      | Found a faded altar of an unknown god.
    35 | D:1      | Noticed an eye of devastation
    35 | D:1      | Noticed an eye of devastation
    36 | D:1      | Noticed a floating eye
    36 | D:1      | Noticed a great orb of eyes
    53 | D:1      | Became a worshipper of Ru the Awakened
    61 | D:1      | Gained mutation: You sometimes lose the ability to drink
                  | potions when taking damage. [Ru sacrifice]
    61 | D:1      | Reached * piety under Ru
   512 | D:1      | Reached XP level 2. HP: 23/27 MP: 1/1
  1488 | D:2      | Reached XP level 3. HP: 33/33 MP: 2/2
  1651 | D:2      | Noticed Jessica
  1659 | D:2      | Killed Jessica
  1674 | D:2      | Got Jessica's Volume of Hexes
  1871 | D:3      | Found Emunaob's Assorted Antiques.
  1880 | D:3      | Bought a scroll labelled COMYACAXY for 23 gold pieces
  1880 | D:3      | Bought a lumpy golden potion for 20 gold pieces
  1880 | D:3      | Bought a scroll labelled DYCWUIRE EPSIST for 23 gold pieces
  1880 | D:3      | Bought a sapphire potion for 20 gold pieces
  1884 | D:3      | Found Futuivop's Antique Weapon Shoppe.
  1913 | D:3      | Reached XP level 4. HP: 35/40 MP: 3/3
  1953 | D:3      | Found Ciup's Jewellery Shoppe.
  2717 | D:4      | Found a broken altar of Ashenzari.
  2755 | D:4      | Found Kiynlek's Antique Weapon Emporium.
  2757 | D:4      | You fall into a shaft and drop 2 floors!
  2757 | D:6      | Noticed an ice beast
  2777 | D:6      | Killed an ice beast
  2778 | D:6      | Reached skill level 5 in Shields
  2778 | D:6      | Reached XP level 5. HP: 34/47 MP: 4/4
  2778 | D:6      | Gained mutation: You sometimes lose the ability to read
                  | scrolls when taking damage. [Ru sacrifice]
  2778 | D:6      | Reached ** piety under Ru
  2778 | D:6      | Reached *** piety under Ru
  2821 | D:6      | Found Amnuqute's Alliterative Accessories.
  2835 | D:6      | Found a sand-covered staircase.
  2841 | Ossuary  | Entered an ossuary
  2855 | Ossuary  | HP: 1/47 [mummy (4)]
  3270 | Ossuary  | Reached XP level 6. HP: 51/53 MP: 5/5
  3286 | Ossuary  | Reached skill level 5 in Maces & Flails
  3293 | Ossuary  | Reached skill level 5 in Fighting
  3295 | Ossuary  | HP: 1/56 [centaur zombie (3)]
  3295 | Ossuary  | Slain by a centaur zombie

Illustrated notes

Levels and vault maps discovered:
D:1:      lemuel_arrival_funnel, layout_basic,
          hellmonk_ecumenical_altar_watching_god, minmay_tall_x
D:2:      layout_basic, serial_undead, serial_undead_c, serial_undead_d,
          serial_undead_a, serial_undead_b, kennysheep_jessica_study
D:3:      layout_basic, serial_shops, nicolae_square_shop,
          nicolae_shop_temple_entry_statues_fountains, nicolae_shop_crystal,
          serial_bayou_lake_a, uniq_jessica
D:4:      layout_basic, mainiacjoe_overflow_alcove_2, serial_shops, shop,
          grunt_ministairs_11, minmay_close_crescents
D:6:      layout_basic, nicolae_ossuary_entry_plus, nicolae_alphabet_shops
Ossuary:  ossuary_the_hunt_dpeg

Skill      XL: |  1  2  3  4  5  6 |
---------------+-------------------+-----
Maces & Flails | 3 4 5 |  5.3
Shields        | 4 5 |  5.9
Fighting       | 4 5 |  5.0
Armour         | 4 |  4.9

Action                   |  1- 3 |  4- 6 || total
-------------------------+-------+-------++-------
Melee: Flail             |    81 |    98 ||   179
       Headbutt          |     7 |    22 ||    29
Throw: Stone             |       |     1 ||     1
Invok: Sacrifice Drink   |     1 |       ||     1
       Draw Out Power    |       |     1 ||     1
       Sacrifice Words   |       |     1 ||     1
  Use: Scroll            |     1 |     6 ||     7
       Potion            |       |     1 ||     1
Armor: Scale mail        |    38 |    86 ||   124
Dodge: Dodged            |    25 |    54 ||    79
Block: Kite shield       |    36 |    77 ||   113
